[Event "Early-Titled-Tuesday-Blitz-January-30-2024"]
[Site "Chess.com"]
[Date "2024.01.30"]
[Round "7"]
[White "themind1hunter"]
[Black "Andrey_Klymchuk"]
[Result "0-1"]
[WhiteElo "2546"]
[BlackElo "2733"]
[TimeControl "180+1"]
[EndTime "9:19:11 PST"]
[Termination "Andrey_Klymchuk won on time"]

1. e4 c5 2. Nf3 Nc6 3. Bb5 g6 4. Bxc6 bxc6 5. d4 cxd4 6. Qxd4 Nf6 7. c4 Bg7 8. Nc3 O-O 9. Qd3 d6 10. O-O Bg4 11. Nd4 Qb6 12. Be3 Qb7 13. b4 a6 14.
Rab1 Rfc8 15. h3 Bd7 16. Rfd1 Qc7 17. Nf3 Be8 18. Qd2 Nd7 19. Bh6 Bh8 20. Bg5 a5 21.
Bxe7 axb4 22. Rxb4 Ne5 23. Bxd6 Nxf3+ 24. gxf3 Qa5 25.
e5 Rd8 26. f4 f6 27. Ra4 Qb6 28. Rxa8 Rxa8 29. c5 Qb7 30. e6 f5 31. Qd3 Qb4 32. Be5 Bxe5 33. fxe5 Qxc5 34. Qd4 Qxd4 35. Rxd4 Ra3 36. Na4 g5 37. Nc5 Kf8 38. Nd7+ Ke7 39. Nc5 Ra5 40. Rc4 Rxa2 41. Rb4 Ra7 42. f4 gxf4 43.
Rxf4 Ra5 44. Rc4 f4 45. Kf2 Bh5 46. h4 Ra2+ 47. Kf1 Be2+ 0-1

[Event "Early-Titled-Tuesday-Blitz-January-30-2024"]
[Site "Chess.com"]
[Date "2024.01.30"]
[Round "7"]
[White "vladgoncharov"]
[Black "LangesNasenhaar"]
[Result "0-1"]
[WhiteElo "2634"]
[BlackElo "2457"]
[TimeControl "180+1"]
[EndTime "9:19:13 PST"]
[Termination "LangesNasenhaar won on time"]

1. d4 g6 2. e4 Bg7 3. Nc3 c6 4. Nf3 d5 5. h3 dxe4 6. Nxe4 Nf6 7. Ng3 O-O 8. Be2 Nbd7 9. O-O Qc7 10. c4 e5 11. Bg5 h6 12. Bxf6 Bxf6 13. d5 Bg7 14.
dxc6 Qxc6 15. Ne1 e4 16. Qc1 Nc5 17. Nc2 Nd3 18. Bxd3 exd3 19. Nb4 Qd6 20. Qd2 Be6 21. Rac1 Rfd8 22. Rfd1 Rac8 23. b3 h5 24. Nxd3 h4 25.
Ne4 Qd4 26. Ng5 Bf5 27. Qf4 Qxf4 28. Nxf4 Bh6 29. Nd5 Bxg5 30. f4 Rxd5 31. Rxd5 Bxf4 32. Rcd1 Kg7 33. Kf2 Bg3+ 34. Ke2 Re8+ 35. Kd2 Bf4+ 36. Kc3 Re3+ 37. Kb4 Re2 38. Rf1 Bg3 0-1

[Event "Early-Titled-Tuesday-Blitz-January-30-2024"]
[Site "Chess.com"]
[Date "2024.01.30"]
[Round "7"]
[White "margarita_2703"]
[Black "Caroexpert"]
[Result "0-1"]
[WhiteElo "2341"]
[BlackElo "2572"]
[TimeControl "180+1"]
[EndTime "9:19:13 PST"]
[Termination "Caroexpert won by checkmate"]

1. e4 Nc6 2. Nf3 d6 3. h3 Nf6 4.
Nc3 e5 5. d4 exd4 6. Nxd4 Be7 7.
Be3 O-O 8. Bd3 a6 9. O-O Nxd4 10. Bxd4 c5 11. Be3 b5 12. Re1 Bb7 13. Nd5 Nxd5 14. exd5 Bf6 15. c3 c4 16. Bb1 Re8 17. a4 Qd7 18.
axb5 Qxb5 19. Qh5 g6 20. Qf3 Bg7 21. Rd1 Qxb2 22. Be4 Qxc3 23. Rab1 Re7 24. Rdc1 Qe5 25. Rxc4 f5 26. Rxb7 Rxb7 27. Bd3 a5 28. g3 a4 29. Bd4 Qe1+ 30. Kg2 Bxd4 31. Rxd4 Qe5 32. Rc4 a3 33. g4 a2 34. gxf5 a1=Q 35. fxg6 hxg6 36. Rg4 Rg7 37.
Bxg6 Rf8 38. Qd3 Qae1 39. Be4 Rxf2# 0-1

[Event "Early-Titled-Tuesday-Blitz-January-30-2024"]
[Site "Chess.com"]
[Date "2024.01.30"]
[Round "7"]
[White "RamyresCoelho"]
[Black "HelvertHernandez"]
[Result "1/2-1/2"]
[WhiteElo "2238"]
[BlackElo "1885"]
[TimeControl "180+1"]
[EndTime "9:19:13 PST"]
[Termination "Game drawn by stalemate"]

1. e4 c5 2. Nf3 Nc6 3. d4 cxd4 4.
c3 dxc3 5. Nxc3 e6 6. Bc4 Bb4 7. O-O Nge7 8. a3 Bxc3 9. bxc3 d5 10. exd5 exd5 11. Bd3 O-O 12. Bxh7+ Kxh7 13. Ng5+ Kg8 14. Qh5 Bf5 15. f4 Bg6 16. Qh4 Nf5 17. Qh3 d4 18. g4 Ne3 19. Bxe3 dxe3 20. Qxe3 Re8 21. Qg3 f6 22. f5 Bf7 23. Nxf7 Kxf7 24. Rab1 b6 25.
Qf4 Ne5 26. Rfd1 Qc7 27. g5 fxg5 28. Qg3 g4 29. Rd4 Nf3+ 30. Kf2 Qxg3+ 31. hxg3 Nxd4 32. cxd4 Rad8 33. Rb4 Re4 34. Ra4 Rd7 35. Rc4 Rexd4 36. Rc8 Rd2+ 37. Ke3 R2d4 38. a4 Rxa4 39. Rb8 Ra3+ 40.
Kf4 Ra4+ 41. Kg5 Rc7 42. Rd8 b5 43. Rd6 a6 44. Kh5 Rb7 45. Kg5 b4 46. f6 gxf6+ 47.
Rxf6+ Ke7 48. Rg6 Kf7 49. Rc6 b3 50. Rf6+ Ke7 51. Rg6 Rab4 52. Rg7+ Kd6 53. Rg6+ Kd5 54. Rf6 b2 55. Rf5+ Ke4 56. Rf4+ Ke3 57. Rf6 b1=Q 58.
Re6+ Kf3 59. Re5 R4b5 60. Kh4 Rxe5 1/2-1/2

[Event "Early-Titled-Tuesday-Blitz-January-30-2024"]
[Site "Chess.com"]
[Date "2024.01.30"]
[Round "7"]
[White "atalz0"]
[Black "alexrustemov"]
[Result "0-1"]
[WhiteElo "2465"]
[BlackElo "2767"]
[TimeControl "180+1"]
[EndTime "9:19:14 PST"]
[Termination "alexrustemov won on time"]

1. d4 g6 2. e4 Bg7 3. Nf3 d6 4. Bc4 e6 5. O-O Ne7 6. Re1 Nd7 7. h3 a6 8. c3 b5 9. Bf1 Bb7 10. a4 c6 11. Bf4 Qc7 12. Nbd2 O-O 13. Nb3 h6 14.
Nc5 Nc8 15. Qd2 Kh7 16. Bh2 Rd8 17. Nxb7 Qxb7 18. axb5 axb5 19. Rxa8 Qxa8 20. d5 Nc5 21. b4 Na4 22. Re3 cxd5 23. exd5 Qxd5 24. Qxd5 exd5 25. Bxb5 Nxc3 26. Ba6 Ne4 27. Rd3 Nb6 28. Nd2 Nxd2 29. Rxd2 Bc3 30. Rd3 Bxb4 31. Bg3 Bc5 32. Bb5 d4 33. Rf3 Kg7 34. h4 h5 35. Bf4 Nd5 36.
Bg5 f6 37. Bd2 Bb4 38. Bxb4 Nxb4 39. Rf4 Rb8 40. Bf1 Nc6 41. Re4 Rb1 42. g3 d3 0-1

[Event "Early-Titled-Tuesday-Blitz-January-30-2024"]
[Site "Chess.com"]
[Date "2024.01.30"]
[Round "7"]
[White "wonderfultime"]
[Black "iwanyu"]
[Result "1-0"]
[WhiteElo "3005"]
[BlackElo "2841"]
[TimeControl "180+1"]
[EndTime "9:19:17 PST"]
[Termination "wonderfultime won on time"]

1. d4 Nf6 2. Nf3 c5 3. c3 Qc7 4. Bg5 Ne4 5. Bh4 cxd4 6. Qxd4 Nf6 7. e4 Nc6 8. Qe3 d6 9. h3 e6 10. Na3 a6 11. Bd3 Be7 12. O-O b5 13. Nc2 O-O 14.
Bg3 Nd7 15. Ncd4 Nce5 16. Be2 Bb7 17. Nd2 Nc6 18. f4 Qb6 19. Bf2 Nxd4 20. cxd4 Rac8 21.
Bd3 Nf6 22. Kh1 Rfd8 23. Bg1 d5 24. e5 Ne4 25. Rae1 Bb4 26. Re2 Qa5 27. Nxe4 dxe4 28.
Bxe4 Bxe4 29. Qxe4 Qxa2 30. f5 exf5 31. Qxf5 Qe6 32.
Qh5 a5 33. Ref2 Rd7 34. Rf4 Qg6 35. Qf3 h6 36. d5 Rc2 37. Rg4 Qh7 38. e6 Rb7 39. d6 Rb8 40. Qxf7+ Kh8 41. Bd4 Rg8 42. e7 1-0

[Event "Early-Titled-Tuesday-Blitz-January-30-2024"]
[Site "Chess.com"]
[Date "2024.01.30"]
[Round "7"]
[White "NtcPou"]
[Black "Pastore1978"]
[Result "0-1"]
[WhiteElo "2066"]
[BlackElo "2281"]
[TimeControl "180+1"]
[EndTime "9:19:17 PST"]
[Termination "Pastore1978 won on time"]

1. e4 e6 2. d4 d5 3. Nd2 c5 4. Ngf3 cxd4 5. Nxd4 Nc6 6. Bb5 Bd7 7.
Nxc6 Bxc6 8. Bd3 Bd6 9. O-O Qc7 10. h3 O-O-O 11. Qe2 Nf6 12. a4 g5 13. a5 g4 14.
hxg4 h5 15. g5 Ng4 16. Nf3 h4 17. a6 h3 18. axb7+ Kb8 19. g3 Bxg3 20. fxg3 Qxg3+ 21. Kh1 dxe4 22. Nd4 exd3+ 23. Nxc6+ Kxb7 24. Rxa7+ Kxc6 25. Qe4+ Rd5 26. Qc4+ Rc5 27. Qe4+ Rd5 28. Qc4+ Rc5 29. Qa4+ Kd5 30. Qd7+ Ke5 31. Bf4+ Qxf4 32. Rxf4 Kxf4 33. Qd4+ Kg3 34. Qxc5 Nf2+ 35. Kg1 h2+ 0-1

[Event "Early-Titled-Tuesday-Blitz-January-30-2024"]
[Site "Chess.com"]
[Date "2024.01.30"]
[Round "7"]
[White "LiemLe"]
[Black "chipmunknau"]
[Result "1-0"]
[WhiteElo "3079"]
[BlackElo "2747"]
[TimeControl "180+1"]
[EndTime "9:19:18 PST"]
[Termination "LiemLe won by resignation"]

1. Nf3 Nf6 2. c4 e6 3. g3 c5 4. Bg2 Nc6 5. O-O d5 6. cxd5 Nxd5 7. d4 cxd4 8. Nxd4 Bc5 9. Nxc6 bxc6 10. Qc2 Qb6 11. a3 O-O 12. e4 Ne7 13. Nc3 Bd4 14. Na4 Qa5 15. b4 Qh5 16. Bb2 Bxb2 17. Qxb2 e5 18.
Nc5 Bh3 19. Bxh3 Qxh3 20. Qxe5 Rfe8 21. Rad1 a5 22. bxa5 Nd5 23. Qg5 Nc3 24. a6 h6 25. Qe3 Nxd1 26. Rxd1 Qh5 27. Rc1 Qe5 28. Rb1 Qd6 29. Kg2 Re5 30. Rc1 Re7 31. Qc3 Qc7 32.
Rb1 Qd6 33. h3 Re5 34. Rc1 Re7 35. a4 Qc7 36. Qc4 Qd6 37. Rc2 Qc7 38. Nb3 Qb6 39. Nc5 Qc7 40. Rb2 Qd6 41. Rb7 Rxb7 42. axb7 Rb8 43.
a5 Qc7 44. a6 Qb6 45. Nd7 Qa7 46. Nxb8 Qxb8 47. Qxc6 1-0

[Event "Early-Titled-Tuesday-Blitz-January-30-2024"]
[Site "Chess.com"]
[Date "2024.01.30"]
[Round "7"]
[White "shirovin"]
[Black "NovakRatko"]
[Result "0-1"]
[WhiteElo "2049"]
[BlackElo "2386"]
[TimeControl "180+1"]
[EndTime "9:19:18 PST"]
[Termination "NovakRatko won on time"]

1. e4 d5 2. exd5 c6 3. c4 cxd5 4. cxd5 Nf6 5. Nc3 Nxd5 6. Bc4 Nb6 7. Bb3 Nc6 8. h3 e5 9. Nf3 Bd6 10. d3 O-O 11. O-O Bf5 12. Ne4 Bc7 13. Bg5 Qd7 14. Re1 Kh8 15. Nc5 Qc8 16. d4 f6 17. Be3 Rd8 18.
Qd2 Bxh3 19. d5 Qg4 20. Nh4 Qxh4 21. gxh3 Qxh3 22. Nxb7 e4 23. Nxd8 Bh2+ 24. Kh1 Rxd8 25. f4 Bg3+ 26. Kg1 Bxe1 27. Rxe1 Nxd5 28. Bxd5 Ne7 29.
Bc5 Rxd5 30. Qf2 Qg4+ 31. Kf1 Nf5 32. Be3 Qh3+ 33. Ke2 Rd3 34. Rc1 Rxe3+ 35. Kd2 h6 0-1

[Event "Early-Titled-Tuesday-Blitz-January-30-2024"]
[Site "Chess.com"]
[Date "2024.01.30"]
[Round "7"]
[White "LevonAronian"]
[Black "chito89"]
[Result "1-0"]
[WhiteElo "3103"]
[BlackElo "2900"]
[TimeControl "180+1"]
[EndTime "9:19:19 PST"]
[Termination "LevonAronian won by resignation"]

1. e4 Nc6 2. Nf3 d6 3. d4 Nf6 4. Nc3 Bg4 5. d5 Nb8 6. h3 Bxf3 7. Qxf3 g6 8. a4 Bg7 9. a5 O-O 10. Bc4 c6 11. O-O Nbd7 12. Qe2 Qc7 13. a6 bxa6 14.
Rxa6 Nb6 15. Ba2 Nfd7 16. dxc6 Nc5 17. Ra3 Qxc6 18. Nd5 Qb7 19. b4 Ne6 20. c3 Rac8 21.
f4 Nxd5 22. Bxd5 Qc7 23. f5 Nd8 24. Be3 Nc6 25. b5 Ne5 26. Rxa7 Qxc3 27. Rxe7 gxf5 28. Rxf5 Kh8 29. b6 Ng6 30. Rexf7 Rxf7 31. Rxf7 Bd4 32.
Bxd4+ Qxd4+ 33. Qf2 Rc1+ 34. Kh2 Qe5+ 35. g3 Rb1 36. Rf8+ Kg7 37. Rf7+ Kh6 38. Qe3+ 1-0

[Event "Early-Titled-Tuesday-Blitz-January-30-2024"]
[Site "Chess.com"]
[Date "2024.01.30"]
[Round "7"]
[White "BardArtem"]
[Black "viktorgen2021"]
[Result "1-0"]
[WhiteElo "2781"]
[BlackElo "2578"]
[TimeControl "180+1"]
[EndTime "9:19:19 PST"]
[Termination "BardArtem won on time"]

1. e4 g6 2. d4 Bg7 3. Nc3 d6 4. Nf3 Nf6 5. Bg5 O-O 6. Qd2 c6 7. h4 h5 8. Bd3 Bg4 9. O-O-O Bxf3 10. gxf3 e5 11. dxe5 dxe5 12. f4 Nbd7 13. f5 Qa5 14. Rhg1 Kh7 15. Kb1 Nc5 16. Bxf6 Bxf6 17. Nd5 Qd8 18. Qe3 cxd5 19. Qxc5 d4 20. f4 Rc8 21. Qb5 a6 22. Qxb7 Qd6 23. fxg6+ Kh6 24. fxe5 Qxe5 25.
g7 Bxg7 26. Rdf1 Qe6 27. e5 Bxe5 28. Qe4 f5 29. Qf3 Rb8 30. Rg5 Qe8 31. Be2 d3 32. Rxh5+ Kg7 33. Rg1+ Kf7 34. Qd5+ Qe6 35. Rh7+ 1-0

[Event "Early-Titled-Tuesday-Blitz-January-30-2024"]
[Site "Chess.com"]
[Date "2024.01.30"]
[Round "7"]
[White "anasta10"]
[Black "Xsu11"]
[Result "1-0"]
[WhiteElo "2505"]
[BlackElo "2336"]
[TimeControl "180+1"]
[EndTime "9:19:19 PST"]
[Termination "anasta10 won by checkmate"]

1. Nf3 g6 2. e4 Bg7 3. d4 d6 4.
Be3 Nd7 5. Qd2 c5 6. c3 Ngf6 7. e5 Ng4 8. e6 fxe6 9. Bg5 O-O 10. Be2 cxd4 11. cxd4 Ndf6 12. Qc2 Qa5+ 13. Nbd2 e5 14.
h3 Nh6 15. dxe5 dxe5 16. O-O Bf5 17. Qb3+ Nf7 18. Be3 e4 19. Nd4 e5 20. Ne6 Bxe6 21. Qxe6 Rfd8 22. Bc4 Qc7 23. Bb3 Rd6 24. Qc4 Qxc4 25. Nxc4 Rd7 26. Nxe5 Re7 27. Nxf7 Rxf7 28. Rfd1 Rf8 29. Bxa7 h6 30. Bc5 Kh7 31. Bxf7 Rxf7 32. a4 g5 33. Bd4 g4 34. hxg4 Nxg4 35. Bxg7 Kxg7 36. Rd2 e3 37. fxe3 Nxe3 38. b3 Nf5 39. Rf1 Kg6 40. Rdf2 Kg5 41. Rf4 h5 42. R1f3 b6 43.
b4 h4 44. a5 bxa5 45. bxa5 Rf6 46. Rxf5+ Rxf5 47. Rxf5+ Kxf5 48. a6 Kg4 49. a7 Kg3 50. a8=Q Kg4 51. Qf3+ Kg5 52. Qh3 Kh5 53. Kf2 Kg5 54.
Kf3 Kg6 55. Qxh4 Kg7 56. Qg5+ Kf8 57. Qb5 Kf7 58. Qc6 Kg7 59. Kf4 Kf8 60. Kf5 Ke7 61. Qe6+ Kd8 62. Qf7 Kc8 63. Ke6 Kb8 64. Kd6 Ka8 65.
Kc6 Kb8 66. Qb7# 1-0

[Event "Early-Titled-Tuesday-Blitz-January-30-2024"]
[Site "Chess.com"]
[Date "2024.01.30"]
[Round "7"]
[White "K_A_S_T_O_R"]
[Black "chucksterf10"]
[Result "1-0"]
[WhiteElo "2913"]
[BlackElo "2621"]
[TimeControl "180+1"]
[EndTime "9:19:20 PST"]
[Termination "K_A_S_T_O_R won by resignation"]

1. e4 Nc6 2. Nf3 e5 3. Bb5 a6 4.
Ba4 f5 5. d3 fxe4 6. dxe4 Nf6 7. O-O d6 8. Nc3 Bg4 9. Bxc6+ bxc6 10. Qd3 Be7 11. h3 Bh5 12. Nh4 O-O 13. Nf5 Kh8 14.
Qc4 Qd7 15. Nxe7 Qxe7 16. Qxc6 Qf7 17. f3 Qd7 18. Qxd7 Nxd7 19. Be3 Rab8 20. b3 Nf6 21. Rfd1 Bf7 22. Rd2 Rb7 23. Rad1 Ra8 24. Bg5 Kg8 25. Bxf6 gxf6 26. Kf2 Be6 27. g4 a5 28. a4 Rb4 29.
Ke3 Kf7 30. Rg1 h6 31. Nb5 Rc8 32. h4 Bd7 33. Nc3 Rbb8 34. Nd5 Be6 35. f4 c6 36.
Nc3 Ke7 37. g5 hxg5 38. hxg5 fxg5 39. fxe5 dxe5 40. Rxg5 Rg8 41. Rdg2 Rxg5 42. Rxg5 Rh8 43. Rxe5 Kd6 44. Rxa5 Rh3+ 45. Kd4 Rh2 46. e5+ Kc7 47. Rc5 Kb7 48. Ne4 Bf5 49. Nd6+ 1-0

[Event "Early-Titled-Tuesday-Blitz-January-30-2024"]
[Site "Chess.com"]
[Date "2024.01.30"]
[Round "7"]
[White "Makswolf200817"]
[Black "sokidze"]
[Result "1-0"]
[WhiteElo "2688"]
[BlackElo "2845"]
[TimeControl "180+1"]
[EndTime "9:19:20 PST"]
[Termination "Makswolf200817 won on time"]

1. d4 Nf6 2. c4 e6 3. g3 d5 4. Bg2 Be7 5. Nf3 O-O 6. Nc3 c6 7.
O-O a5 8. Nd2 b5 9. cxb5 cxb5 10. Nxb5 Qb6 11. a4 Nc6 12. Nb1 Ne4 13. N1c3 Nd6 14. e4 dxe4 15. Nxd6 Bxd6 16. Nxe4 Bb4 17. Be3 Qa6 18. Rc1 Bb7 19. Nc5 Bxc5 20. dxc5 Rfd8 21. Qh5 Nb4 22. Rfd1 Bxg2 23. Rxd8+ Rxd8 24. Kxg2 Nd3 25. Rd1 e5 26. Qf3 Qc4 27. Kg1 e4 28. Qf5 h6 29. h4 Qxa4 30. Rd2 Qa1+ 31. Kh2 Qa4 32. Qg4 Kh8 33. f3 Qc4 34. Qxe4 Qb3 35. c6 a4 36.
c7 1-0

[Event "Early-Titled-Tuesday-Blitz-January-30-2024"]
[Site "Chess.com"]
[Date "2024.01.30"]
[Round "7"]
[White "jaskol95"]
[Black "SirGerhard"]
[Result "0-1"]
[WhiteElo "2536"]
[BlackElo "2749"]
[TimeControl "180+1"]
[EndTime "9:19:21 PST"]
[Termination "SirGerhard won by resignation"]

1. d4 Nf6 2. Nc3 g6 3. e4 d5 4.
exd5 Nxd5 5. Bc4 Nb6 6. Bb3 Bg7 7. Nf3 O-O 8. Be3 Nc6 9. Qd2 Na5 10. Qe2 Nxb3 11.
axb3 Nd5 12. O-O Bf5 13. Rfe1 Nb4 14. Rec1 a5 15. h3 b6 16. Ne5 c5 17. Nb5 cxd4 18.
Bxd4 Rc8 19. c4 f6 20. Nf3 e5 21. Bc3 Qd3 22. Qxd3 Nxd3 23. Rd1 Rfd8 24. Ne1 Nc5 25. Nd6 Rb8 26. Nxf5 gxf5 27. b4 axb4 28. Bxb4 Nb3 29. Rab1 Rbc8 30. Rxd8+ Rxd8 31. Kf1 Rd4 32. Bc3 Rxc4 33. Ke2 Kf7 34. Rd1 Ke7 35. Nd3 Nd4+ 36. Kf1 Nc6 37. Ra1 Bh6 38. Ra6 e4 39. Ne1 b5 40.
Rb6 b4 41. Rb7+ Ke6 42. Rxh7 Bc1 43. b3 Rxc3 44. g4 f4 45. h4 f3 46. h5 Bd2 47. h6 Rc1 48. Re7+ Nxe7 0-1

[Event "Early-Titled-Tuesday-Blitz-January-30-2024"]
[Site "Chess.com"]
[Date "2024.01.30"]
[Round "7"]
[White "snowlord"]
[Black "dropstoneDP"]
[Result "0-1"]
[WhiteElo "2852"]
[BlackElo "3047"]
[TimeControl "180+1"]
[EndTime "9:19:22 PST"]
[Termination "dropstoneDP won on time"]

1. g3 e5 2. c4 Nf6 3. Bg2 d5 4. cxd5 Nxd5 5. Nc3 Nb6 6. d3 Be7 7. Be3 O-O 8. Rc1 c6 9. h4 Re8 10. Nf3 N8d7 11. Qc2 Bf8 12. Ng5 h6 13. Nge4 Nd5 14. Bd2 N7b6 15. Nxd5 cxd5 16. Nc5 Bg4 17. Nxb7 Qe7 18.
Na5 Rac8 19. Qb1 Rxc1+ 20. Qxc1 Rc8 21. Qd1 Qc5 22. O-O Qc2 23. f3 Be6 24. Bc3 Qxd1 25. Rxd1 d4 26. Bd2 Rc2 27. b4 Rxd2 28. Rxd2 Bxb4 29.
Rc2 Bxa5 30. Rc5 Bd2 31. Rxe5 Bxa2 32. f4 Be6 33. f5 Bd7 34. Rc5 Kf8 35. g4 Ke7 36. Rc7 a5 37. Ra7 Kd6 38. g5 hxg5 39. hxg5 Bxf5 40. Rxf7 g6 41. Rf6+ Kc5 42. Be4 Bxg5 43.
Rc6+ Kb5 44. Rd6 Bf4 45. Rd8 Be3+ 46. Kg2 a4 47. Bxf5 gxf5 48. Rf8 a3 49. Rxf5+ Kb4 50.
Rf6 Na4 0-1

[Event "Early-Titled-Tuesday-Blitz-January-30-2024"]
[Site "Chess.com"]
[Date "2024.01.30"]
[Round "7"]
[White "ProChessWICTH"]
[Black "KhazhatulyAlikhan"]
[Result "0-1"]
[WhiteElo "2530"]
[BlackElo "2408"]
[TimeControl "180+1"]
[EndTime "9:19:22 PST"]
[Termination "KhazhatulyAlikhan won by resignation"]

1. e4 c5 2. Nf3 e6 3. c3 Nf6 4. e5 Nd5 5. d4 cxd4 6. cxd4 Nc6 7. Nc3 d6 8. Bb5 Qc7 9. O-O Bd7 10. Nxd5 exd5 11.
Re1 Be7 12. exd6 Qxd6 13. Bxc6 bxc6 14. Ne5 O-O 15. Bf4 Rfe8 16. Rc1 Bf6 17. Qd2 Bxe5 18. Bxe5 Qg6 19. Qb4 f6 20. Bg3 Rxe1+ 21. Rxe1 Re8 22. Rxe8+ Qxe8 23. h3 Qc8 24. Bd6 Kf7 25. Bc5 a6 26. Qe1 Be6 27. Qe2 g6 28. Qd2 Kg7 29. Qf4 Qd7 30. Qb8 Qc8 31. Qa7+ Bd7 32. a4 Kf7 33. b4 Ke6 34. Bb6 h5 35. Bc5 Kf5 36. Qb6 Kg5 37. Be7 Qe8 38. Qc5 Qf7 39. Qd6 Qe6 40. Bxf6+ Qxf6 41. h4+ Kf5 42. Qxd7+ Ke4 43. Qh3 Kxd4 44. Qf3 Qxf3 45. gxf3 Kc4 46. b5 axb5 47. axb5 cxb5 48. Kg2 b4 49. Kg3 b3 50. Kf4 b2 51. Kg5 b1=Q 52.
Kh6 Qf5 53. f4 0-1

[Event "Early-Titled-Tuesday-Blitz-January-30-2024"]
[Site "Chess.com"]
[Date "2024.01.30"]
[Round "7"]
[White "lilleper1"]
[Black "Kostya0705"]
[Result "1-0"]
[WhiteElo "2924"]
[BlackElo "2603"]
[TimeControl "180+1"]
[EndTime "9:19:23 PST"]
[Termination "lilleper1 won on time"]

1. d4 Nf6 2. c4 e6 3. Nf3 d5 4.
g3 Bb4+ 5. Bd2 a5 6. a3 Be7 7.
Bg2 O-O 8. O-O c6 9. Qc2 Nbd7 10. Bf4 b6 11. Nbd2 Nh5 12. Be3 Nhf6 13. Rfc1 Ba6 14. Bf4 Rc8 15. b4 dxc4 16. Nxc4 Nd5 17. Bd2 axb4 18. axb4 Bb7 19. Ra7 Rb8 20. Qb3 Ba8 21.
e4 N5f6 22. Bf4 Rc8 23. Nfe5 Nxe5 24. dxe5 Nd7 25. Rca1 Rb8 26. Be3 Bb7 27. Rd1 Qc7 28.
f4 Ra8 29. Rxa8 Rxa8 30. Nd6 Ba6 31. Bh3 Nf8 32. f5 Bc8 33. Bf4 c5 34. f6 Bxd6 35.
exd6 Qc6 36. fxg7 Ng6 37. Qe3 Bb7 38. bxc5 Nxf4 39. Qxf4 Qxe4 40. Qxe4 Bxe4 41. cxb6 Kxg7 42. d7 Rd8 43. Bg2 Bxg2 44. Kxg2 Kf6 45. b7 Ke7 46. g4 Rb8 47. d8=Q+ 1-0

[Event "Early-Titled-Tuesday-Blitz-January-30-2024"]
[Site "Chess.com"]
[Date "2024.01.30"]
[Round "7"]
[White "Sofia_Blokhin"]
[Black "pfalcon1949"]
[Result "0-1"]
[WhiteElo "2240"]
[BlackElo "1966"]
[TimeControl "180+1"]
[EndTime "9:19:23 PST"]
[Termination "pfalcon1949 won by checkmate"]

1. d4 Nf6 2. c4 c5 3. d5 b5 4. cxb5 a6 5. bxa6 g6 6. Nc3 Bg7 7. e4 O-O 8. Be2 Qa5 9. Bd2 Bxa6 10. Nf3 Bxe2 11. Qxe2 Qa6 12. Qxa6 Nxa6 13. O-O d6 14. Rfe1 Nd7 15. a4 Nb4 16. Reb1 Rfb8 17. Ne1 f5 18. exf5 gxf5 19. Nb5 Nxd5 20. Ra3 N7b6 21. Rg3 Kf7 22. b3 c4 23. a5 c3 24. Nxc3 Rxa5 25. Nxd5 Rxd5 26. Be3 e5 27. Rh3 Kg6 28. Rg3+ Kf7 29. Rh3 Kg8 30. Nc2 f4 31. Bxb6 Rxb6 32. g3 Rd2 33.
Na3 f3 34. Nc4 Rxb3 35. Nxd2 Rd3 36. Rd1 e4 37. Rh4 d5 38. Rh5 Bc3 39. Rg5+ Kf7 40.
Rf5+ Ke6 41. Rh5 Rxd2 42. Rxd2 Bxd2 43. Rxh7 Ke5 44. Kf1 Kd4 45. Rd7 Kc4 46. g4 d4 47.
h4 e3 48. fxe3 dxe3 49. g5 e2+ 50. Kf2 e1=Q+ 51. Kxf3 Qe3+ 52. Kg4 Qf4+ 53. Kh5 Be1 54. g6 Qxh4# 0-1

[Event "Early-Titled-Tuesday-Blitz-January-30-2024"]
[Site "Chess.com"]
[Date "2024.01.30"]
[Round "7"]
[White "LastHeroJr"]
[Black "ukchessbomber"]
[Result "1-0"]
[WhiteElo "2489"]
[BlackElo "2619"]
[TimeControl "180+1"]
[EndTime "9:19:24 PST"]
[Termination "LastHeroJr won by checkmate"]

1. e4 b6 2. d4 Bb7 3. Bd3 e5 4. dxe5 Nc6 5. Nf3 Nge7 6. O-O Ng6 7. Kh1 Ncxe5 8. Nxe5 Nxe5 9. f4 Nxd3 10. cxd3 Be7 11. Nc3 O-O 12. Bd2 a6 13. Rc1 c5 14. Qh5 b5 15. Rf3 b4 16. Rh3 h6 17. Nd5 Bxd5 18.
Qxd5 d6 19. Rf1 Bf6 20. b3 a5 21. f5 a4 22. Bxh6 gxh6 23. Rxh6 axb3 24. axb3 Ra1 25. Rxa1 Bxa1 26. f6 Bxf6 27. Qf5 Re8 28. Rxf6 Re5 29. Qg4+ Kf8 30. Rh6 Qa5 31. h3 d5 32. Qc8+ Ke7 33. Qb7+ Kd8 34. Qb8+ Kd7 35. Qxe5 Qa2 36. Rd6+ Kc8 37.
Qe8+ Kb7 38. Qe7+ Kc8 39. Rd8# 1-0

[Event "Early-Titled-Tuesday-Blitz-January-30-2024"]
[Site "Chess.com"]
[Date "2024.01.30"]
[Round "7"]
[White "ErikRonka"]
[Black "Mikhail_Golubev"]
[Result "0-1"]
[WhiteElo "2492"]
[BlackElo "2684"]
[TimeControl "180+1"]
[EndTime "9:19:25 PST"]
[Termination "Mikhail_Golubev won by checkmate"]

1. e4 c5 2. a3 g6 3. b4 Bg7 4. Nc3 b6 5. Nf3 Nc6 6. Rb1 d6 7. Bb5 Bd7 8. O-O Nf6 9. d4 cxd4 10. Nxd4 Nxd4 11. Qxd4 O-O 12. Bb2 Rc8 13. Ba6 Rc7 14. Qd3 Be6 15. Nd5 Nxd5 16. exd5 Bf5 17. Qe3 Rxc2 18. Bxg7 Kxg7 19. Rfe1 e5 20. dxe6 Bxe6 21. Rbd1 d5 22. Bd3 Rc3 23. Qd2 Qf6 24. h3 Rxa3 25.
b5 Rc3 26. Qe2 Rc7 27. Ra1 d4 28. Ra4 Rd8 29. Rea1 Rdd7 30. Kh2 Qf4+ 31. Kg1 Qf6 32. R4a3 h5 33. f3 Qg5 34. Qb2 Qe3+ 35. Kh1 Qe5 36.
Qd2 Qg3 37. Re1 Rd5 38. Be4 Rg5 39. Raa1 Rd7 40. Qd3 Bxh3 41. f4 Bxg2+ 42. Kg1 Bf3+ 43. Kf1 Qg1# 0-1

[Event "Early-Titled-Tuesday-Blitz-January-30-2024"]
[Site "Chess.com"]
[Date "2024.01.30"]
[Round "7"]
[White "arenal72"]
[Black "topce"]
[Result "1-0"]
[WhiteElo "2586"]
[BlackElo "2390"]
[TimeControl "180+1"]
[EndTime "9:19:26 PST"]
[Termination "arenal72 won by resignation"]

1. d4 Nf6 2. Nc3 d5 3. Bf4 a6 4. e3 e6 5. g4 c5 6. g5 Nfd7 7. Nf3 Nc6 8. Qd2 b5 9. Bg2 cxd4 10. exd4 Bb4 11. a3 Qa5 12. O-O Bxc3 13. bxc3 Nb6 14. Bd6 Nc4 15. Qd3 Nxd6 16. Nh4 g6 17. f4 Bd7 18.
Rfe1 Ne7 19. Nf3 Rc8 20. Ne5 Qxc3 21. Qd1 Nef5 22. Ng4 Qxd4+ 23. Qxd4 Nxd4 24. Rad1 N4f5 25. Rxd5 Ke7 26. Nf6 Bc6 27. Rd2 Bxg2 28. Kxg2 h5 29. Nd5+ Kf8 30. Nb6 Rc6 31. Nd7+ Kg7 32. Ne5 h4 33.
Nxc6 h3+ 34. Kf2 Rh4 35. Kf3 Nc4 36. Rd7 Rh8 37. Rxe6 Rc8 38. Rf6 Ncd6 39. Rfxd6 Nxd6 40. Rxd6 Rc7 41. Ke4 a5 42. c3 a4 43. f5 gxf5+ 44. Kxf5 Rc8 45. Rf6 Re8 46. Ne5 Re7 47. Rb6 Rc7 48. Rxb5 Rxc3 49. Rb7 Rxa3 50. Rxf7+ Kg8 51. Ra7 Rb3 52. Rxa4 Rb2 53. Kg6 Rb6+ 54. Kh5 Rb2 55. Kh6 Rb6+ 56. g6 Rb8 57. Ra7 Rf8 58. Rg7+ Kh8 59.
Nf7+ Rxf7 60. Rxf7 Kg8 61. Rf3 1-0

[Event "Early-Titled-Tuesday-Blitz-January-30-2024"]
[Site "Chess.com"]
[Date "2024.01.30"]
[Round "7"]
[White "andrzej"]
[Black "Iskusnyh"]
[Result "0-1"]
[WhiteElo "2445"]
[BlackElo "2671"]
[TimeControl "180+1"]
[EndTime "9:19:27 PST"]
[Termination "Iskusnyh won by checkmate"]

1. e4 e6 2. d4 d5 3. Nc3 Nf6 4. e5 Nfd7 5. f4 c5 6. Nf3 Nc6 7. Be3 Rb8 8. Bd3 c4 9. Be2 b5 10. b3 Bb4 11. Bd2 Qb6 12. a3 Be7 13. bxc4 Nxd4 14.
cxd5 O-O 15. d6 Bd8 16. Rb1 a6 17. a4 b4 18. Ne4 a5 19. Bd3 Ba6 20. Bxa6 Nxf3+ 21.
Qxf3 Qxa6 22. Qe2 Qc6 23. c4 bxc3 24. Nxc3 Qxc3 25. Bxc3 Rxb1+ 26. Kd2 Rxh1 27. Qb5 Nb6 28. Bxa5 Nc4+ 29. Qxc4 Bxa5+ 30. Ke2 g6 31. Qb5 Ra8 32. d7 Re1+ 33. Kf2 Rd1 34. Qb7 Rd8 35. Qa7 Rd5 36.
Kf3 h5 37. g3 Rd3+ 38. Kg2 Rd5 39. Kh3 R8xd7 40. Qa8+ Kg7 41. Kh4 Bd8+ 42. Kh3 Ra5 43. Qc8 Rdd5 44. Qc4 Be7 45. Kg2 Bc5 46. h3 Rd4 47.
Qb3 Rdxa4 48. Qb7 Ra2+ 49. Kf3 R5a3+ 50. Ke4 Re3# 0-1